 Dungeon Crawl Stone Soup version 0.21-a0-95-g06f091e (webtiles) character file.

150 MatthieuS the Shooter (level 5, 0/45 HPs)
             Began as a Centaur Hunter on July 4, 2017.
             Slain by MatthieuS's ghost (10 damage)
             ... on level 3 of the Dungeon.
             The game lasted 00:06:27 (2711 turns).

MatthieuS the Shooter (Centaur Hunter)              Turns: 2711, Time: 00:06:27

Health: 0/45       AC:  4    Str: 15    XL:     5   Next: 10%
Magic:  5/5        EV: 14    Int: 10    God:
Gold:   151        SH:  0    Dex: 15    Spells: 4/4 levels left

rFire    . . .     SeeInvis .   w - +1 shortbow
rCold    . . .     Gourm    .   (shield currently unavailable)
rNeg     + . .     Faith    .   y - +0 leather armour
rPois    .         Spirit   .   (no helmet)
rElec    .         Reflect  .   (no cloak)
rCorr    .         Harm     .   (no gloves)
MR       .....                  (no barding)
Stlth    +.........             (no amulet)
HPRegen  0.15/turn              C - ring of positive energy
MPRegen  0.09/turn              r - ring of flight

@: agile, glowing, very quick
A: hooves 3, deformed body, speed 2, tough skin 3
a: Evoke Flight


You were on level 3 of the Dungeon.
You were not hungry.

You visited 1 branch of the dungeon, and saw 3 of its levels.

You collected 151 gold pieces.

Inventory:

Hand Weapons
 a - a +0 short sword
 q - a +0 trident
 w - a +1 shortbow (weapon)
Missiles
 d - 4 arrows (quivered)
 n - a throwing net
Armour
 y - a +0 leather armour (worn)
Jewellery
 r - a ring of flight (right hand)
 C - a ring of positive energy (left hand)
Scrolls
 e - a scroll of fear {unknown}
 g - a scroll of fog
 h - a scroll of enchant armour {unknown}
 i - a scroll of enchant weapon {unknown}
 l - a scroll of recharging {unknown}
 o - 2 scrolls of amnesia {unknown}
 p - 2 scrolls of remove curse
 s - a scroll of random uselessness {unknown}
 v - 2 scrolls of teleportation {unknown}
Potions
 j - a potion of berserk rage
 k - a potion of heal wounds {unknown}
 m - a potion of resistance {unknown}
 t - a potion of might {unknown}
 x - a potion of haste {unknown}
 A - a potion of curing {unknown}
 B - a potion of degeneration {unknown}
Comestibles
 c - 4 chunks of flesh
 f - a bread ration
 u - a meat ration
 z - 2 royal jellies


   Skills:
 + Level 3.2 Fighting
 * Level 7.7 Bows
 - Level 1.3 Dodging
 - Level 0.4 Stealth


You had 4 spell levels left.
You didn't know any spells.

Dungeon Overview and Level Annotations

Branches:
Dungeon (3/15)

Altars:

Annotations:
D:3 MatthieuS's ghost, amateur CeAM


Innate Abilities, Weirdness & Mutations

You have hooves in place of feet.
Armour fits poorly on your strangely shaped body.
You cover ground very quickly.
You have extremely tough skin. (AC +3)


Message History

Firing (i - inventory. (,) - cycle):
d - 7 arrows (quivered)
Press: ? - help, Shift-Dir - straight line, f/p - MatthieuS's ghost
Aim: MatthieuS's ghost (severely damaged)
You shoot an arrow. The arrow hits MatthieuS's ghost.
MatthieuS's ghost is severely damaged.
Firing (i - inventory. (,) - cycle):
d - 6 arrows (quivered)
Press: ? - help, Shift-Dir - straight line, f/p - MatthieuS's ghost
Aim: MatthieuS's ghost (severely damaged)
You shoot an arrow.
The arrow hits MatthieuS's ghost but does no damage.
MatthieuS's ghost is severely damaged.
MatthieuS's ghost misses you.
Some of the chunks of flesh in your inventory have rotted away.
Firing (i - inventory. (,) - cycle):
d - 5 arrows (quivered)
Press: ? - help, Shift-Dir - straight line, f/p - MatthieuS's ghost
Aim: MatthieuS's ghost (severely damaged)
You shoot an arrow.
The arrow closely misses MatthieuS's ghost.
MatthieuS's ghost hits you!
You die...

#....#.....#.####....#
#####.######.# ####(#
#.# #.# #.# ###.# #.#
#.# #.# #...## #.#
##.# #.# ##.##..## #.#
#..# #.# #.###.#.# #.#
#.## #.. .......#.#
#.# #.# #.#
#...##..#@# #.# #.#
#.# #....(.(W## #.#
#.# #.# #..#...## #.#
#.# ##.## #..##(## #.#
#.# ##...## #..##.#
#.# #.#
#.###.###..##.# #.#
#.# .## ##.##..##.##
#.# #.# .# #.........#
#.# #.# .##
#.##..##..######.# #.#


You could see MatthieuS's ghost.

Vanquished Creatures
  Terence (D:2)
  3 gnolls (D:3)
  3 adders (D:2)
  A worm (D:3)
  A dart slug (D:1)
  A leopard gecko (D:2)
  9 bats
  3 giant cockroaches (D:1)
  9 goblins
  6 hobgoblins
  10 jackals (D:2)
  2 frilled lizards
  7 kobolds
  4 rats (D:2)
60 creatures vanquished.

Notes
Turn   | Place    | Note
-------+----------+-------------------------------------------
     0 | D:1      | MatthieuS the Centaur Hunter began the quest for the Orb.
     0 | D:1      | Reached XP level 1. HP: 17/17 MP: 1/1
   266 | D:1      | Reached XP level 2. HP: 15/24 MP: 2/2
   427 | D:1      | Reached skill level 6 in Bows
  1100 | D:2      | Noticed Terence
  1122 | D:2      | Killed Terence
  1122 | D:2      | Reached XP level 3. HP: 30/30 MP: 3/3
  1541 | D:2      | Reached XP level 4. HP: 28/37 MP: 4/4
  1762 | D:2      | Reached skill level 7 in Bows
  2534 | D:3      | Reached XP level 5. HP: 45/45 MP: 5/5
  2691 | D:3      | Noticed MatthieuS's ghost (amateur CeAM)
  2711 | D:3      | Slain by MatthieuS's ghost

Vault maps used:
D:1:      ncdulo_watergridlock, roderic_st_hans_cross
D:2:      grunt_decor_one_mirror, grunt_decor_cap, uniq_terence
D:3:      lemuel_round_altar

Skill      XL: |  1  2  3  4 |
---------------+-------------+-----
Bows           | 6 7 |  7.7
Fighting       | 3 |  3.2
Dodging        | |  1.3
Stealth        | |  0.4

Action                   |  1- 3 |  4- 6 || total
-------------------------+-------+-------++-------
Melee: Short sword       |   103 |   102 ||   205
       Kick              |    13 |    18 ||    31
 Fire: Shortbow          |     7 |    24 ||    31
  Use: Scroll            |       |     3 ||     3
       Potion            |       |     2 ||     2
 Stab: Sleeping          |       |     1 ||     1
  Eat: Chunk             |     1 |     3 ||     4
Armor: Leather armour    |    43 |    23 ||    66
       Ring mail         |    18 |    22 ||    40
Dodge: Dodged            |    67 |    59 ||   126
